Map: Traitor's Exile

Players

PureLegacy - Winner!

  • Race: Terran Terran
  • League: Master
  • Spawn Location: 9:00

llllllllll - Winner!

  • Race: Terran Terran
  • League: Master
  • Spawn Location: 12:00

Watcho

  • Race: Zerg Zerg
  • Spawn Location: 6:00

DemonSlayerI

  • Race: Terran Terran
  • League: Master
  • Spawn Location: 5:00

VOD

Have the link to the VOD?

Description

Time

  • Played on: Dec. 2, 2018, 3:31 p.m.
  • Length: 4:12
Show
View Real Time Build Order
Export as new Build Order

PureLegacy Terran - Winner!

Build Orders:  

Get SALT Encoding   

  12  0:01  SCV  
  13  0:13  SCV  
  14  0:18  Supply Depot  
  14  0:25  SCV  
  15  0:31  Refinery  
  15  0:39  SCV  
  16  0:46  Barracks  
  16  0:51  SCV  
  17  1:05  Barracks  
  17  1:17  Barracks  
  17  1:20  SCV  
  18  1:33  Reaper  
  19  1:41  Orbital Command  
  19  1:50  Refinery  
  19  1:55  Reaper  
  20  2:03  Supply Depot  
  20  2:04  Reaper  
  21  2:09  Reaper  
  22  2:18  SCV  
  23  2:27  Reaper  
  24  2:34  SCV  
  24  2:36  Reaper  
  26  2:38  Barracks  
  26  2:43  Reaper  
  27  2:48  Barracks  
  27  2:59  Reaper  
  28  3:09  Reaper  
  29  3:15  Reaper  
  29  3:18  Supply Depot  
  30  3:27  Reaper  
  31  3:39  Reaper x2  
  35  4:10  Command Center  
Show
View Real Time Build Order
Export as new Build Order

llllllllll Terran - Winner!

Build Orders:  

Get SALT Encoding   

  12  0:00  SCV  
  13  0:12  SCV  
  14  0:18  Supply Depot  
  14  0:26  SCV  
  15  0:35  Refinery  
  15  0:40  SCV  
  16  0:46  Barracks  
  16  0:52  SCV  
  17  1:02  Barracks  
  17  1:07  SCV  
  18  1:19  SCV  
  19  1:36  Orbital Command  
  19  1:38  Barracks Tech Lab  
  19  1:44  Supply Depot  
  19  1:50  Barracks Tech Lab  
  19  1:56  Refinery  
  19  1:57  Marauder, Concussive Shells  
  21  2:03  SCV  
  22  2:11  Marauder  
  22  2:14  Supply Depot  
  24  2:18  SCV  
  25  2:24  Marauder  
  27  2:35  SCV  
  27  2:41  Marauder  
  27  2:42  Combat Shield  
  29  2:47  SCV  
  30  2:55  Marauder  
  32  2:59  SCV  
  32  3:03  Marauder  
  33  3:11  SCV  
  32  3:17  Marauder  
  32  3:23  SCV  
  35  3:27  Marauder  
  35  3:35  SCV  
  35  3:38  Marauder  
  38  3:48  SCV  
Show
View Real Time Build Order
Export as new Build Order

Watcho Zerg 

Build Orders: Pool Only, Ravager All-In 

Get SALT Encoding   

  12  0:01  Drone  
  13  0:09  Drone  
  14  0:25  Spawning Pool  
  13  0:29  Drone  
  14  0:36  Drone, Extractor  
  14  0:42  Extractor  
  13  0:43  Drone  
  14  0:51  Overlord  
  14  1:10  Drone x2  
  16  1:14  Roach Warren  
  15  1:20  Drone  
  16  1:31  Overlord  
  16  1:54  Roach x2  
  16  1:55  Roach  
  22  2:08  Roach  
  24  2:16  Ravager x3  
  24  2:17  Roach  
  29  2:33  Overlord, Ravager  
  28  3:13  Roach  
  28  3:14  Roach x2  
  22  3:32  Roach  
  24  3:37  Ravager x3  
  24  3:38  Roach  
Show
View Real Time Build Order
Export as new Build Order

DemonSlayerI Terran 

Build Orders:  

Get SALT Encoding   

  12  0:01  SCV  
  13  0:17  Supply Depot  
  13  0:18  SCV  
  14  0:30  SCV  
  15  0:39  Barracks  
  15  0:42  SCV  
  16  0:46  Refinery  
  16  0:54  SCV  
  17  1:06  SCV  
  18  1:18  SCV  
  19  1:28  Supply Depot  
  20  1:33  Reaper  
  20  1:37  Refinery, Orbital Command  
  20  2:02  SCV  
  20  2:06  Command Center  
  21  2:08  Barracks Tech Lab  
  21  2:16  Factory  
  21  2:20  SCV  
  22  2:32  SCV  
  22  2:44  Marine, SCV  
  24  2:54  Barracks  
  24  2:56  Barracks  
  24  2:57  SCV  
  25  3:01  Factory Reactor  
  25  3:02  Factory Tech Lab  
  25  3:04  Marine  
  26  3:11  Supply Depot  
  26  3:17  Engineering Bay  
  26  3:20  SCV  
  27  3:29  Siege Tank  
  30  3:36  Orbital Command  
Tags
 
Add a new tag
Caveats
  • Supply blocks, unpowered buildings, or Contaminate may cause inaccurate times.
  • Supply counts are checked every 10 seconds.